 Dungeon Crawl Stone Soup version 0.28-a0-628-g3c9886e45e (webtiles) character file.

Game seed: 11092746330768070537

78295 rustyseabutter the Tortoise (level 15, -11/134 HPs)
             Began as a Minotaur Fighter on Oct 8, 2021.
             Was a High Priest of Okawaru.
             Killed from afar by a Brimstone Fiend (41 damage)
             ... with damnation
             ... summoned by a deep elf demonologist
             ... on level 2 of the Abyss on Oct 9, 2021.
             The game lasted 03:22:30 (27714 turns).

rustyseabutter the Tortoise (Minotaur Fighter)     Turns: 27714, Time: 03:22:30

Health: -11/134    AC: 29    Str: 38    XL:     15   Next: 17%
Magic:  17/17      EV: 16    Int:  9    God:    Okawaru [*****.]
Gold:   1911       SH: 15    Dex: 20    Spells: 14/14 levels left

rFire   . . .      SeeInvis +   V - +6 whip of Eckyac {freeze, +Blink rPois rC++ Will+ rCorr}
rCold   + + .      Faith    .   c - +0 buckler
rNeg    . . .      Spirit   .   W - +1 plate armour
rPois   +          Reflect  +   R - +3 crown of Dyrovepreva {rElec Int+2 SInv}
rElec   +          Harm     .   v - +0 cloak "Nilien" {Str+5 Int+2}
rCorr   +          Rampage  .   N - +1 pair of gloves {Str+3}
Will    ++...      Rnd*Tele +   Q - +0 pair of boots
Stlth   ..........              M - amulet of reflection
HPRegen 0.00/turn               I - +6 ring of strength
MPRegen 0.15/turn               S - ring of New Discoveries {rPois Str+4 Dex+5}

@: heroic, diseased
A: horns 2, retaliatory headbutt, teleportitis 1, weak 1
a: Renounce Religion, Evoke Blink, Heroism, Finesse, Duel


You were on level 2 of the Abyss.
You worshipped Okawaru.
Okawaru was extremely pleased with you.
You visited 4 branches of the dungeon, and saw 21 of its levels.
You visited the Abyss 1 time.
You also visited: Sewer.

You collected 2566 gold pieces.
You spent 655 gold pieces at shops.

Inventory:

Hand Weapons
 b - the +7 long sword of Wahye {venom, Stlth+}
   (Okawaru gifted it to you on level 10 of the Dungeon)

   It poisons the flesh of those it strikes.
   Stlth:     It makes you more stealthy.
 z - a +5 vampiric trident
 D - a +2 longbow of flaming
 J - the +4 hand axe of Skirmishing {protect, Will- Str+6 Int+5}
   (You found it on level 12 of the Dungeon)

   It grants its wielder temporary protection when it strikes (+7 to AC).
   Str:       It affects your strength (+6).
   Int:       It affects your intelligence (+5).
   Will:      It decreases your willpower.
 T - a +4 scimitar of freezing
 V - the +6 whip of Eckyac (weapon) {freeze, +Blink rPois rC++ Will+ rCorr}
   (You found it on level 5 of the Lair of Beasts)

   It freezes those it strikes, dealing additional cold damage.
   It can also slow down cold-blooded creatures.
   rC:        It greatly protects you from cold.
   rPois:     It protects you from poison.
   +Blink:    It lets you blink.
   rCorr:     It protects you from acid and corrosion.
   Will:      It increases your willpower.
Missiles
 a - 27 arrows
 h - 2 boomerangs of dispersal
 w - 133 poisoned darts
 E - 7 atropa-tipped darts
 O - 3 boomerangs
 Z - 5 curare-tipped darts
Armour
 c - a +0 buckler (worn)
 v - the +0 cloak "Nilien" (worn) {Str+5 Int+2}
   (Okawaru gifted it to you on level 9 of the Dungeon)

   Str:       It affects your strength (+5).
   Int:       It affects your intelligence (+2).
 N - a +1 pair of gloves of strength (worn)
 Q - a +0 pair of boots (worn)
 R - the +3 crown of Dyrovepreva (worn) {rElec Int+2 SInv}
   (You found it on level 8 of the Dungeon)

   Int:       It affects your intelligence (+2).
   rElec:     It insulates you from electricity.
   SInv:      It lets you see invisible.
 W - a +1 plate armour (worn)
Jewellery
 e - a ring of resist corrosion
 f - a ring of positive energy
 i - a ring of positive energy
 q - a ring of resist corrosion
 I - a +6 ring of strength (left hand)
 K - a ring of flight
 M - an amulet of reflection (around neck)
 S - the ring of New Discoveries (right hand) {rPois Str+4 Dex+5}
   (You found it on level 9 of the Dungeon)

   [ring of poison resistance]

   Str:       It affects your strength (+4).
   Dex:       It affects your dexterity (+5).
   rPois:     It protects you from poison.
 X - a +4 ring of evasion
Wands
 t - a wand of flame (69)
 A - a wand of digging (5)
 F - a wand of iceblast (8) (quivered)
 P - a wand of acid (3)
 Y - a wand of polymorph (17)
Scrolls
 g - 8 scrolls of teleportation
 n - a scroll of brand weapon
 o - 2 scrolls of summoning
 r - 6 scrolls of fog
 u - 5 scrolls of magic mapping
 x - a scroll of blinking
 G - 2 scrolls of enchant weapon
 H - a scroll of fear {unknown}
 U - 2 scrolls of identify
Potions
 d - 3 potions of might
 j - 8 potions of heal wounds
 l - 11 potions of curing
 m - a potion of mutation
 p - a potion of haste
 s - 2 potions of berserk rage
 B - a potion of invisibility
 C - 2 potions of lignification
 L - 2 potions of cancellation
Miscellaneous
 k - a lightning rod (4/4)


   Skills:
 + Level 12.8(17.8) Fighting
 + Level 3.1(12.8) Short Blades
 + Level 12.1(17.3) Long Blades
 + Level 8.0(13.0) Maces & Flails
 + Level 13.3(18.3) Polearms
 + Level 4.2(9.2) Throwing
 + Level 15.3(20.3) Armour
 + Level 5.7(10.7) Dodging
 + Level 1.8(6.8) Stealth
 + Level 14.4(19.4) Shields
 + Level 4.7 Invocations
 + Level 2.4 Evocations


You had 14 spell levels left.
You didn't know any spells.
Your spell library contained the following spells:

 Spells                   Type           Power      Damage    Failure   Level
 Apportation              Tloc           0%         N/A       77%         1
 Magic Dart               Conj           0%         1d3       77%         1
 Blink                    Tloc           N/A        N/A       88%         2
 Corpse Rot               Necr/Air       N/A        N/A       88%         2
 Ensorcelled Hibernation  Hex/Ice        0%         N/A       88%         2
 Poisonous Vapours        Pois/Air       0%         N/A       88%         2
 Sublimation of Blood     Necr           0%         N/A       88%         2
 Wereblood                Tmut           0%         N/A       88%         2
 Lesser Beckoning         Tloc           0%         N/A       98%         3
 Mephitic Cloud           Conj/Pois/Air  0%         N/A       98%         3
 Portal Projectile        Hex/Tloc       0%         N/A       98%         3
 Alistair's Intoxication  Tmut/Pois      0%         N/A       100%        5
 Blade Hands              Tmut           0%         N/A       100%        5
 Borgnjor's Vile Clutch   Necr/Erth      0%         N/A       100%        5
 Irradiate                Conj/Tmut      0%         3d13      100%        5
 Manifold Assault         Tloc           0%         N/A       100%        5
 Conjure Ball Lightning   Conj/Air       0%         3x3d6     100%        6
 Eringya's Noxious Bog    Tmut/Pois      0%         N/A       100%        6
 Dragon Form              Tmut           0%         N/A       100%        7
 Discord                  Hex            0%         N/A       100%        8
 Disjunction              Tloc           0%         N/A       100%        8
 Call Imp                 Summ           Unusable   N/A       N/A         2
 Call Canine Familiar     Summ           Unusable   N/A       N/A         3
 Tukima's Dance           Hex            Unusable   N/A       N/A         3
 Summon Ice Beast         Ice/Summ       Unusable   N/A       N/A         4
 Summon Mana Viper        Hex/Summ       Unusable   N/A       N/A         5
 Monstrous Menagerie      Summ           Unusable   N/A       N/A         7
 Summon Hydra             Summ           Unusable   N/A       N/A         7

Dungeon Overview and Level Annotations

Branches:
Dungeon (12/15)            Temple (1/1) D:4            Lair (6/6) D:9
  Swamp (0/4) Lair:4        Snake (0/4) Lair:4        Slime (0/5) Lair:5
    Orc (2/2) D:9             Elf (0/3) Orc:2         Sewer (visited)

Altars:
Ashenzari
Cheibriados
Dithmenos
Elyvilon
Fedhas
Gozag
Hepliaklqana
Kikubaaqudgha
Nemelex Xobeh
Okawaru
Qazlal
Ru
Sif Muna
Trog
Uskayaw
Vehumet
Wu Jian
Xom
Yredelemnul
Zin
The Shining One
Beogh
Jiyva
Lugonu

Shops:
D:3 (   D:8 ?   Orc:1 !   Orc:2 *!!:

Portals:
Abyss: Lair:6

Annotations:
D:12 Sonja


Innate Abilities, Weirdness & Mutations

You have a pair of horns on your head.
You reflexively headbutt those who attack you in melee.
You are occasionally teleported next to monsters.
You are weak. (Str -2)


Message History

You headbutt the large abomination, but do no damage.
The large abomination is severely damaged.
You hit the large abomination but do no damage.
You headbutt the large abomination.
The large abomination is severely damaged.
You completely miss the large abomination.
The large abomination is severely damaged.
You block the large abomination's attack.
You hit the large abomination. You freeze the large abomination.
The large abomination is almost destroyed.
You hit the large abomination but do no damage.
You headbutt the large abomination.
The large abomination is almost destroyed.
You hit the large abomination but do no damage.
You headbutt the large abomination, but do no damage.
The large abomination is almost destroyed.
The large abomination hits you but does no damage.
You hit the large abomination. You freeze the large abomination.
You destroy the large abomination!
The large abomination dissolves into shadows!
The Brimstone Fiend calls on the powers of darkness!
The deep elf demonologist convulses! x2; The great orb of eyes convulses!
Your body is wracked with pain!
* * * LOW HITPOINT WARNING * * *
The orc high priest convulses!
The orc high priest drinks a potion.
The orc high priest is healed!
As you read the scroll of teleportation, it crumbles to dust.
You feel strangely stable. The great orb of eyes gazes at you.
You resist with some effort.
The shadow demon gestures.
A small abomination comes into view.
You block the large abomination's attack.
The orc high priest prays to Beogh.
The sun demon disappears in a puff of smoke!
The deep elf demonologist casts a spell.
You hear a grinding noise.
The Brimstone Fiend gestures at you.
The sphere of damnation explodes!
The damnation engulfs you!!!
You die...

≈≈≈≈≈≈≈≈ .#≈≈≈♣≈≈≈≈♣≈ # #
# # .#≈≈≈≈≈≈≈≈≈ ( .4..:
... #.≈≈≈≈≈≈≈≈≈≈ . .#
##.≈≈≈≈≈≈≈♣≈≈ .8.####
..#. ..≈≈≈≈≈≈≈≈♣
#...#...#.#x###.#≈≈≈≈≈≈≈≈
#...#...5.#.#..@...≈≈≈≈≈≈
. . . ..xo
#..##1.#...≈≈≈≈
'._.'e⌠e5eG11#X##2.##.≈
#. [ . ..#.e§1#.### # .
#.. x#2.#.Xx#.# #
..#...55#.#.#§.#..
#.8.### ..###.. #. ..# [.
# (.#.#.###.. .###.# [ .
. .# # # .#.. # #


You could see a Tzitzimitl (summoned), a Brimstone Fiend (summoned), a great orb
of eyes (summoned), a shadow demon, a deep elf demonologist, 2 large
abominations and an ufetubus (summoned).

Vanquished Creatures
  Nessos (D:12)
  Josephine (Lair:4)
  Erolcha (D:12)
  5 boulder beetles
  6 hydras
  2 centaur warriors
  A catoblepas (Lair:5)
  A two-headed ogre (shapeshifter) (Lair:6)
  8 two-headed ogres
  An alligator (shapeshifter) (Lair:6)
  4 orc high priests
  Nergalle (Lair:2)
  3 thrashing horrors (Lair:6)
  A skeletal warrior (D:10)
  The ghost of FilthyApe the Basher, a novice MiFi of Gozag (D:9)
  2 fire crabs (Lair:2)
  A shadow demon (Abyss:2)
  A wizard (D:9)
  4 orc knights
  2 lindwurms (Lair:5)
  A large abomination (Lair:6)
  2 wolf spiders (Lair:5)
  2 ugly things (Lair:6)
  A cyclops (Orc:2)
  4 orc sorcerers (Orc:2)
  A manticore (D:9)
  Joseph (D:9)
  5 black mambas
  A torpor snail (Lair:5)
  3 smoke demons (Lair:6)
  2 kobold demonologists (Abyss:2)
  Psyche (D:8)
  9 cane toads
  10 komodo dragons
  3 ancient zymes
  4 polar bears
  2 jumping spiders (Lair:5)
  2 trolls
  A hornet (D:11)
  36 blink frogs
  3 slime creatures (D:12)
  A tyrant leech (Lair:4)
  2 redbacks (Lair:5)
  A ynoxinul (Lair:6)
  A shadow (D:9)
  A vampire (D:10)
  9 wraiths
  80 yaks
  2 wyverns
  5 basilisks
  3 fire bats (Lair:2)
  Eustachio (D:6)
  2 fire elementals (Lair:2)
  A chaos spawn (Lair:6)
  3 wargs (Orc:1)
  A steam dragon (D:10)
  3 nagas (Lair:4)
  4 swamp worms (Lair:4)
  15 water moccasins
  14 orc warriors
  4 black bears
  A sky beast (D:8)
  7 ogres
  15 wolves
  3 necrophages
  2 boggarts (Abyss:2)
  10 centaurs
  8 small abominations (Lair:6)
  2 phantoms
  4 kobold brigands
  8 bullfrogs
  Blork the orc (D:4)
  3 gnoll sergeants
  5 scorpions
  A water moccasin skeleton (D:4)
  20 killer bees
  10 wights
  3 howler monkeys (D:8)
  3 lava snakes (Lair:5)
  A bullfrog zombie (D:6)
  2 centaur zombies (D:9)
  A quasit (Abyss:2)
  3 jellies
  2 gnoll shamans
  13 orc priests
  Crazy Yiuf (D:6)
  A bullfrog skeleton (D:7)
  Natasha (thrice) (D:4)
  3 iguanas
  15 orc wizards
  7 hell rats (Lair:3)
  A merfolk siren (Sewer)
  A merfolk avatar (Sewer)
  2 killer bee zombies
  6 ogre zombies (D:9)
  A hound skeleton (D:4)
  16 gnolls
  A howler monkey skeleton (D:5)
  9 adders
  A shadow imp (D:7)
  2 white imps
  An adder zombie (D:5)
  2 worms
  A dart slug (D:1)
  55 orcs
  6 endoplasms
  6 giant cockroaches
  7 goblins
  3 hobgoblins
  11 jackals (D:1)
  7 quokkas
  9 ball pythons
  3 bats
  6 frilled lizards
  3 goblin skeletons (D:9)
  A goblin zombie (D:9)
  A hobgoblin skeleton (D:9)
  5 hobgoblin zombies (D:9)
  20 kobolds
  An orc skeleton (D:9)
  8 orc zombies (D:9)
  33 rats
  A butterfly (Lair:3)
682 creatures vanquished.

Vanquished Creatures (collateral kills)
  Maurice (D:12)
1 creature vanquished.

Vanquished Creatures (others)
  43 fungi
  52 plants
95 creatures vanquished.

Grand Total: 778 creatures vanquished

Notes
Turn   | Place    | Note
-------+----------+-------------------------------------------
     0 | D:1      | rustyseabutter the Minotaur Fighter began the quest for the
                  | Orb.
     0 | D:1      | Reached XP level 1. HP: 19/19 MP: 0/0
   197 | D:1      | Reached XP level 2. HP: 27/27 MP: 1/1
   204 | D:1      | Reached skill level 4 in Armour
   386 | D:1      | Found a faded altar of an unknown god.
   393 | D:1      | Got Plato's Incunabulum of Displacement
   525 | D:1      | Reached XP level 3. HP: 31/33 MP: 2/2
  1226 | D:2      | Reached skill level 1 in Dodging
  1442 | D:2      | Reached XP level 4. HP: 40/40 MP: 3/3
  2170 | D:3      | Reached XP level 5. HP: 46/46 MP: 4/4
  2172 | D:3      | Reached skill level 1 in Short Blades
  2194 | D:3      | Reached skill level 5 in Armour
  2328 | D:3      | Found Pubazxugg's Weapon Emporium.
  2663 | D:4      | Reached XP level 6. HP: 43/53 MP: 5/5
  2702 | D:4      | Noticed Natasha
  2714 | D:4      | Killed Natasha
  2722 | D:4      | Noticed Natasha
  2730 | D:4      | Killed Natasha
  2817 | D:4      | Reached skill level 5 in Fighting
  2966 | D:4      | Noticed Natasha
  2977 | D:4      | Killed Natasha
  2978 | D:4      | Reached skill level 6 in Armour
  3002 | D:4      | Found a radiant altar of Vehumet.
  3002 | D:4      | Found a glowing golden altar of the Shining One.
  3002 | D:4      | Found a sparkling altar of Nemelex Xobeh.
  3002 | D:4      | Found a snail-covered altar of Cheibriados.
  3009 | D:4      | Found a hazy altar of Hepliaklqana.
  3009 | D:4      | Found a basalt altar of Yredelemnul.
  3065 | D:4      | Found a white marble altar of Elyvilon.
  3111 | D:4      | Found a staircase to the Ecumenical Temple.
  3117 | Temple   | Entered the Ecumenical Temple
  3146 | Temple   | Became a worshipper of Warmaster Okawaru
  3446 | D:4      | Noticed Blork the orc
  3466 | D:5      | Entered Level 5 of the Dungeon
  3779 | D:4      | Killed Blork the orc
  3780 | D:4      | Reached XP level 7. HP: 47/61 MP: 6/6
  3942 | D:5      | Found a glowing drain.
  3946 | Sewer    | Entered a sewer
  4140 | Sewer    | Reached skill level 1 in Polearms
  4489 | D:5      | Reached skill level 5 in Shields
  4493 | D:5      | Reached skill level 7 in Armour
  4539 | D:5      | Reached * piety under Okawaru
  4540 | D:5      | Reached skill level 1 in Throwing
  4974 | D:5      | Reached XP level 8. HP: 67/69 MP: 7/7
  6035 | D:6      | Reached skill level 5 in Polearms
  6110 | D:6      | Found a runed translucent door.
  6111 | D:6      | Noticed Crazy Yiuf
  6120 | D:6      | Killed Crazy Yiuf
  6121 | D:6      | Reached skill level 8 in Armour
  6230 | D:6      | Noticed Eustachio
  6261 | D:6      | Killed Eustachio
  6543 | D:6      | You fall into a shaft and drop 3 floors!
  6568 | D:9      | Noticed a two-headed ogre
  6586 | D:9      | Killed a two-headed ogre
  6586 | D:9      | Reached ** piety under Okawaru
  6587 | D:9      | Reached skill level 9 in Armour
  6587 | D:9      | Reached XP level 9. HP: 16/75 MP: 5/8
  6600 | D:9      | Upgraded the game from 0.28-a0-622-gbaef9634d7 to
                  | 0.28-a0-628-g3c9886e45e
  6958 | D:9      | Reached skill level 1 in Invocations
  6972 | D:9      | Reached *** piety under Okawaru
  7160 | D:9      | Found a runed translucent gate.
  7160 | D:9      | Found a runed translucent gate.
  7160 | D:9      | Found a runed translucent gate.
  7162 | D:9      | Found an opulent altar of Gozag.
  7164 | D:9      | Noticed a wizard
  7164 | D:9      | Noticed FilthyApe's ghost (novice MiFi)
  7164 | D:9      | Noticed a manticore
  7259 | D:9      | Found a staircase to the Orcish Mines.
  7324 | D:8      | Reached skill level 10 in Armour
  7622 | D:8      | Reached XP level 10. HP: 86/86 MP: 9/9
  8453 | D:7      | Reached **** piety under Okawaru
  8851 | D:8      | Found a shimmering altar of Xom.
  8961 | D:8      | Reached skill level 10 in Polearms
  8976 | D:8      | Found Jixzuuv's Magic Scroll Shoppe.
  8986 | D:8      | Bought a scroll of brand weapon for 280 gold pieces
  8986 | D:8      | Bought a scroll of enchant armour for 105 gold pieces
  9027 | D:8      | Found the +3 crown of Dyrovepreva {rElec Int+2 SInv}
  9064 | D:8      | Found a hide-covered altar of Uskayaw.
  9086 | D:8      | Received a gift from Okawaru
  9128 | D:8      | Reached skill level 11 in Armour
  9288 | D:8      | Found an ancient bone altar of Kikubaaqudgha.
  9425 | D:8      | Noticed Psyche
  9430 | D:8      | Killed Psyche
  9430 | D:8      | Received a gift from Okawaru
  9566 | D:9      | Identified the ring of New Discoveries {rPois Str+4 Dex+5}
  9596 | D:9      | Noticed Joseph
  9665 | D:9      | Killed Joseph
 10051 | D:9      | Reached XP level 11. HP: 90/93 MP: 10/10
 10061 | D:9      | Found a staircase to the Lair.
 10063 | D:9      | Noticed a centaur warrior
 10087 | D:9      | Reached ***** piety under Okawaru
 10087 | D:9      | Received a gift from Okawaru
 10098 | D:9      | Killed a centaur warrior
 10412 | D:9      | Killed FilthyApe's ghost
 10422 | D:9      | Killed a wizard
 10963 | Orc:1    | Entered Level 1 of the Orcish Mines
 11085 | Orc:2    | Entered Level 2 of the Orcish Mines
 11085 | Orc:2    | Found a staircase to the Elven Halls.
 11355 | Orc:2    | Noticed an orc sorcerer
 11355 | Orc:2    | Noticed an orc knight
 11366 | Orc:2    | Noticed an orc sorcerer
 11366 | Orc:2    | Noticed an orc knight
 11367 | Orc:2    | Noticed an orc knight
 11369 | Orc:2    | Killed an orc knight
 11370 | Orc:2    | Found Qoaxku's Assorted Antiques.
 11372 | Orc:2    | Killed an orc sorcerer
 11395 | Orc:2    | Noticed an orc knight
 11396 | Orc:2    | Noticed an orc high priest
 11784 | Orc:1    | Killed an orc knight
 11785 | Orc:1    | Reached skill level 5 in Long Blades
 11785 | Orc:1    | Reached skill level 1 in Evocations
 12069 | Orc:1    | Killed an orc knight
 12070 | Orc:1    | Reached skill level 12 in Armour
 12070 | Orc:1    | Reached skill level 5 in Dodging
 12070 | Orc:1    | Reached skill level 1 in Stealth
 12075 | Orc:1    | Killed an orc knight
 12337 | Orc:2    | Killed an orc sorcerer
 12337 | Orc:2    | Received a gift from Okawaru
 12398 | Orc:2    | Noticed an orc sorcerer
 12408 | Orc:2    | Killed an orc sorcerer
 12628 | Orc:2    | Noticed an orc high priest
 12644 | Orc:2    | Noticed an orc sorcerer
 12658 | Orc:2    | Paralysed by an orc sorcerer for 2 turns
 12660 | Orc:2    | Killed an orc sorcerer
 12661 | Orc:2    | Noticed a two-headed ogre
 12672 | Orc:2    | Killed a two-headed ogre
 12673 | Orc:2    | Reached XP level 12. HP: 66/105 MP: 10/13
 12817 | Orc:2    | Gained mutation: You are weak. (Str -2) [a neqoxec]
 12819 | Orc:2    | Gained mutation: You are occasionally teleported next to
                  | monsters. [a neqoxec]
 12822 | Orc:2    | Killed an orc high priest
 12896 | Orc:2    | Killed an orc high priest
 12921 | Orc:2    | Noticed an orc high priest
 12928 | Orc:2    | Killed an orc high priest
 13224 | Orc:2    | Found Ifick's Distillery.
 13226 | Orc:2    | Found Izaofoq's Book Shop.
 13227 | Orc:2    | Found Dobbocurph's Distillery.
 13315 | Orc:2    | Bought a potion of heal wounds for 70 gold pieces
 13315 | Orc:2    | Bought a potion of heal wounds for 70 gold pieces
 13586 | Orc:1    | Found Pyut Ceu's Distillery.
 13678 | Orc:1    | Bought a potion of heal wounds for 65 gold pieces
 13678 | Orc:1    | Bought a potion of heal wounds for 65 gold pieces
 14016 | Lair:1   | Entered Level 1 of the Lair of Beasts
 14585 | Lair:1   | Noticed a six-headed hydra
 14679 | D:9      | Reached skill level 10 in Fighting
 14688 | D:9      | Killed a six-headed hydra
 14688 | D:9      | Identified the +0 cloak "Nilien" {Str+5 Int+2} (Okawaru
                  | gifted it to you on level 9 of the Dungeon)
 14688 | D:9      | Received a gift from Okawaru
 14689 | D:9      | Reached skill level 10 in Shields
 14711 | Lair:1   | Reached skill level 13 in Armour
 15126 | Lair:1   | Found an opulent altar of Gozag.
 15395 | Lair:2   | Noticed Nergalle
 15399 | Lair:2   | Killed Nergalle
 15399 | Lair:2   | Noticed a six-headed hydra
 15400 | Lair:2   | Reached skill level 10 in Long Blades
 15558 | Lair:2   | Found a transporter.
 15665 | Lair:2   | Found a transporter.
 15748 | Lair:2   | Killed a six-headed hydra
 15749 | Lair:2   | Reached XP level 13. HP: 113/113 MP: 11/14
 17295 | Lair:3   | Got Theurgy, Part Three
 17768 | Lair:4   | Found a staircase to the Snake Pit.
 17852 | Lair:4   | Noticed Josephine
 17854 | Lair:4   | Received a gift from Okawaru
 17864 | Lair:4   | Killed Josephine
 19137 | Lair:4   | Found a staircase to the Swamp.
 19668 | Lair:5   | Reached skill level 14 in Armour
 19694 | Lair:5   | Reached ****** piety under Okawaru
 19860 | Lair:5   | Received a gift from Okawaru
 20161 | Lair:5   | Reached XP level 14. HP: 125/125 MP: 15/15
 20202 | Lair:5   | Identified the +6 whip of the Spheres {freeze, rElec rPois
                  | rF+ rN+}
 20277 | Lair:5   | Found a viscous altar of Jiyva.
 20277 | Lair:5   | Found a staircase to the Slime Pits.
 20350 | Lair:5   | Found a runed translucent door.
 20389 | Lair:5   | Reached skill level 1 in Maces & Flails
 20425 | Lair:5   | Found a runed translucent gate.
 20426 | Lair:5   | Identified the +6 whip of Eckyac {freeze, +Blink rPois rC++
                  | Will+ rCorr}
 20428 | Lair:5   | Found a runed translucent gate.
 20429 | Lair:5   | Found a runed translucent gate.
 20429 | Lair:5   | Found a runed translucent gate.
 20429 | Lair:5   | Found a runed translucent gate.
 20430 | Lair:5   | Found a runed translucent gate.
 21770 | Lair:6   | Entered Level 6 of the Lair of Beasts
 21826 | Lair:6   | Found a glowing silver altar of Zin.
 22552 | Lair:6   | Reached skill level 5 in Maces & Flails
 22826 | Lair:6   | Found a hazy altar of Hepliaklqana.
 22829 | Lair:6   | Received a gift from Okawaru
 24188 | Lair:6   | Found a corrupted altar of Lugonu.
 24188 | Lair:6   | Found a one-way gate to the infinite horrors of the Abyss.
 24201 | Lair:6   | Reached skill level 15 in Armour
 24824 | D:10     | Entered Level 10 of the Dungeon
 24874 | D:10     | Identified the +7 long sword of Wahye {venom, Stlth+}
                  | (Okawaru gifted it to you on level 10 of the Dungeon)
 24874 | D:10     | Received a gift from Okawaru
 26187 | D:11     | Found a white marble altar of Elyvilon.
 26727 | D:12     | Noticed Erolcha
 26739 | D:12     | Killed Erolcha
 26756 | D:12     | Noticed Nessos
 26766 | D:12     | Killed Nessos
 26766 | D:12     | Received a gift from Okawaru
 26767 | D:12     | Reached XP level 15. HP: 104/134 MP: 13/17
 27066 | D:12     | Identified the +4 hand axe of Skirmishing {protect, Will-
                  | Str+6 Int+5}
 27264 | D:12     | Noticed Maurice
 27266 | D:12     | Noticed Sonja
 27269 | D:12     | Killed Maurice
 27285 | D:12     | Cast into level 2 of the Abyss (Sonja)
 27599 | Abyss:2  | Found a shimmering blue altar of Sif Muna.
 27684 | Abyss:2  | Noticed a Brimstone Fiend
 27711 | Abyss:2  | Noticed a Tzitzimitl
 27714 | Abyss:2  | Killed from afar by a Brimstone Fiend

Illustrated notes

Levels and vault maps discovered:
D:1:      dpeg_arrival_rhombi, layout_basic,
          shapermc_ecumenical_altar_rom_forum, grunt_decor_fettered,
          serial_bayou_ford_a, minmay_pentomino_p2
D:2:      layout_loops_ring
D:3:      layout_loops_ring, serial_shops, nicolae_shop_waterfront
D:4:      layout_rooms, minmay_overflow_temple_hex, lemuel_doored_altar,
          minmay_temple_entry_enclosed_plants, minmay_starry_boxes,
          uniq_natasha, uniq_blork_the_orc
D:5:      layout_basic, gup_sewer_entry_bowl, serial_park_tiny_1
D:6:      layout_gridville, uniq_crazy_yiuf_cottage, uniq_eustachio
D:7:      layout_gridville, minmay_misc_feat_alley
D:8:      layout_loops_ring, general_overflow_altar,
          mainiacjoe_overflow_small_starburst, dk_xom_monty_hall, serial_shops,
          kennysheep_little_box, st_stairs_11, minmay_misc_feat_x,
          lemuel_flame_loot_1, uniq_psyche
D:9:      layout_irregular_city, grunt_lair_entry_orc_guard_hut,
          zombieorc1_lemuel, ebering_ghost_gozag, uniq_joseph
D:10:     minmay_bubble_buster, layout_loops_ring
D:11:     layout_loops_ring, elyvilon_altar_5
D:12:     layout_irregular_city, gauntlet_entry_generic, uniq_nessos,
          uniq_maurice, uniq_erolcha, uniq_sonja
Temple:   minmay_temple_bridge_abc
Lair:1:   layout_cave_pods, basic_altar
Lair:2:   gammafunk_cloud_chamber, layout_cave_shapes, uniq_nergalle
Lair:3:   layout_chaotic_city, lemuel_fruit_fields
Lair:4:   layout_regular_city, palyth_hydra_swamp_entry,
          guppyfry_snake_entry_garden, uniq_josephine
Lair:5:   gammafunk_indiana_jones, layout_small_grid,
          dpeg_slime_entry_enclosed_altar, chequers_serial_rivers_micro_a
Lair:6:   hellmonk_lair_end_abyssal_woods, layout_gridlike, basic_altar,
          minivault_26, lemuel_centaur_altar
Orc:1:    layout_diamond_mine, basic_altar, serial_shops,
          nicolae_shop_statue_plus
Orc:2:    st_orc_elflike, layout_caves, basic_altar
Abyss:2:  base: D:10, hangedman_decor_points, hangedman_summoners_spam,
          hangedman_summoners_spam

Skill      XL: |  1  2  3  4  5  6  7  8  9 10 11 12 13 14 15 |
---------------+----------------------------------------------+-----
Armour         | 4 5 6 7 9 10 11 12 13 14 15 | 15.3
Shields        | 4 5 6 7 8 11 12 14 | 14.4
Long Blades    | 3 7 10 11 12 | 12.1
Fighting       | 4 5 6 7 8 9 10 11 12 | 12.8
Dodging        | 1 2 3 4 5 |  5.7
Short Blades   | 1 3 |  3.1
Polearms       | 3 6 8 11 12 13 | 13.3
Throwing       | 1 2 3 4 |  4.2
Invocations    | 1 3 4 |  4.7
Evocations     | 1 2 |  2.4
Stealth        | 1 |  1.8
Maces & Flails | 7 8 |  8.0

Action                   |  1- 3 |  4- 6 |  7- 9 | 10-12 | 13-15 || total
-------------------------+-------+-------+-------+-------+-------++-------
Melee: Long sword        |    18 |       |       |       |    62 ||    80
       Headbutt          |     9 |    27 |    60 |   180 |   397 ||   673
       Dagger            |    75 |   151 |     4 |       |       ||   230
       Trident           |       |       |   335 |   359 |   195 ||   889
       Scimitar          |       |       |       |   261 |   186 ||   447
       Whip              |       |       |       |       |   594 ||   594
Throw: Dart              |       |     2 |    15 |     6 |    14 ||    37
       Boomerang         |       |       |       |    11 |    20 ||    31
Invok: Heroism           |       |       |     6 |    13 |    25 ||    44
       Finesse           |       |       |       |     3 |     5 ||     8
 Abil: Evoke Blink       |       |       |       |       |     3 ||     3
Evoke: Wand              |       |     4 |     2 |    12 |    23 ||    41
       Lightning rod     |       |       |       |       |     1 ||     1
  Use: Scroll            |       |       |     4 |    10 |    14 ||    28
       Potion            |       |       |     1 |     1 |     6 ||     8
 Stab: Petrifying        |       |       |       |       |     2 ||     2
Armor: Scale mail        |    33 |       |       |       |       ||    33
       Chain mail        |    18 |    70 |   222 |    94 |       ||   404
       Plate armour      |       |       |       |   138 |   409 ||   547
Dodge: Dodged            |    49 |    45 |   144 |   213 |   404 ||   855
Block: Buckler           |    29 |    32 |   104 |   333 |   623 ||  1121
       Reflection        |       |       |       |     9 |    26 ||    35

Table legend: (Time is in decaauts)
 A = Elapsed time spent in this place.
 B = Non-inter-level travel time spent in this place.
 C = Inter-level travel time spent in this place.
 D = Time resting spent in this place.
 E = Time spent auto-exploring this place.
 F = Levels seen in this place.
 G = Mean time per level.
                   A        B        C        D        E       F      G
               +--------+--------+--------+--------+--------+-----+--------+
         Total |  27420 |  24257 |   3163 |   6330 |   4969 |  23 | 1192.2 |
       Dungeon |  12887 |  11958 |    929 |   1805 |   4897 |  12 | 1073.9 |
        Temple |     58 |     58 |      0 |      0 |      0 |   1 |   58.0 |
          Lair |  10484 |   8688 |   1796 |   2994 |     69 |   6 | 1747.3 |
  Orcish Mines |   3020 |   2582 |    438 |   1158 |      3 |   2 | 1510.0 |
         Abyss |    411 |    411 |      0 |    208 |      0 |   1 |  411.0 |
         Sewer |    557 |    557 |      0 |    165 |      0 |   1 |  557.0 |
               +--------+--------+--------+--------+--------+-----+--------+

Top non-repeatable levels by time:
  Lair:6: 2617 daAuts
     D:9: 2287 daAuts
  Lair:5: 1895 daAuts
  Lair:1: 1876 daAuts
  Lair:4: 1783 daAuts
   Orc:2: 1567 daAuts
   Orc:1: 1452 daAuts
     D:8: 1435 daAuts
  Lair:3: 1381 daAuts
     D:5: 1324 daAuts
     D:6: 1318 daAuts
    D:10: 1104 daAuts
     D:3: 972 daAuts
  Lair:2: 931 daAuts
     D:1: 912 daAuts
